 Dungeon Crawl Stone Soup version 0.25-a0-265-g7af84ae0ac (webtiles) character file.

Game seed: 2883499117700266584, levelgen mode: classic

11008 Borgoz the Fighter (level 11, -2/72 HPs)
             Began as a Gargoyle Gladiator on Dec 7, 2019.
             Was an Elder of Okawaru.
             Slain by Snorg (4 damage)
             ... on level 10 of the Dungeon.
             The game lasted 00:20:38 (12807 turns).

Borgoz the Fighter (Gargoyle Gladiator)            Turns: 12807, Time: 00:20:39

Health: -2/72      AC: 18    Str: 21    XL:     11   Next: 71%
Magic:  14/14      EV: 15    Int:  8    God:    Okawaru [****..]
Gold:   585        SH:  5    Dex: 12    Spells: 7/10 levels left

rFire    . . .     SeeInvis .   j - +5 hand axe (curse)
rCold    + . .     Gourm    .   o - +0 buckler
rNeg     + . .     Faith    .   a - +2 ring mail {rC+}
rPois    ∞         Spirit   .   c - +0 helmet
rElec    +         Reflect  .   (no cloak)
rCorr    .         Harm     .   (no gloves)
MR       .....                  (no boots)
Stlth    +.........             (no amulet)
HPRegen  0.22/turn              (no ring)
MPRegen  0.14/turn              (no ring)

@: no status effects
A: negative energy resistance 1, electricity resistance, unbreathing,
petrification resistance, rot immunity, AC +8
a: Heroism, Renounce Religion


You were on level 10 of the Dungeon.
You worshipped Okawaru.
Okawaru was greatly pleased with you.
You were very hungry.

You visited 3 branches of the dungeon, and saw 12 of its levels.

You collected 585 gold pieces.

Inventory:

Hand Weapons
 j - a cursed +5 hand axe (weapon)
 w - a +0 battleaxe
Armour
 a - a +2 ring mail of cold resistance (worn)
 c - a +0 helmet (worn)
 o - a +0 buckler (worn)
Wands
 k - a wand of enslavement (4)
Scrolls
 e - 2 scrolls of vulnerability {unknown}
 g - a scroll of enchant weapon {unknown}
 n - 3 scrolls of magic mapping {unknown}
 p - a scroll of noise {unknown}
 q - 2 scrolls of remove curse
 s - 2 scrolls of blinking
 t - 4 scrolls of teleportation {unknown}
 v - 2 scrolls of random uselessness {unknown}
 y - a scroll of immolation {unknown}
Potions
 b - a potion of resistance
 d - a potion of lignification {unknown}
 h - a potion of berserk rage {unknown}
 i - 3 potions of flight
 m - a potion of cancellation
 x - a potion of mutation {unknown}
 z - a potion of invisibility {unknown}
Comestibles
 f - 16 rations
 A - 7 chunks of flesh


   Skills:
 + Level 9.7 Fighting
 + Level 8.4 Axes
 - Level 1.7 Throwing
 + Level 9.5 Armour
 + Level 7.7 Dodging
 - Level 4.0 Shields
 + Level 4.4 Invocations


You had 7 spell levels left.
You knew the following spells:

 Your Spells              Type           Power        Failure   Level  Hunger
a - Confuse               Hex            #.......     89%         3    ####...

Your spell library contained the following spells:

 Spells                   Type           Power        Failure   Level  Hunger
 Corona                   Hex            #......      54%         1    ##.....
 Magic Dart               Conj           #...         54%         1    ##.....
 Ensorcelled Hibernation  Hex/Ice        #.....       69%         2    ###....
 Searing Ray              Conj           #.....       69%         2    ###....
 Dazzling Flash           Conj/Hex       #.....       89%         3    ####...
 Tukima's Dance           Hex            #.......     89%         3    ####...
 Fulminant Prism          Conj/Hex       #.........   100%        4    #####..
 Iskenderun's Mystic Bla  Conj/Tloc      #.......     100%        4    #####..


Dungeon Overview and Level Annotations

Branches:
Dungeon (10/15)            Temple (1/1) D:7            Lair (0/6) D:8
    Orc (1/2) D:9

Altars:
Ashenzari
Cheibriados
Dithmenos
Elyvilon
Fedhas
Gozag
Hepliaklqana
Kikubaaqudgha
Makhleb
Nemelex Xobeh
Okawaru
Qazlal
Ru
Sif Muna
Trog
Uskayaw
Vehumet
Wu Jian
Xom
Yredelemnul
Zin
The Shining One

Shops:
D:2 *   D:5 [

Annotations:
D:8 3 runed translucent doors, Lanoc's ghost, novice CeCK
D:10 Snorg


Innate Abilities, Weirdness & Mutations

You are resistant to torment.
Your stone body is resilient. (AC +8)
You are immune to poison.
You resist negative energy. (rN+)
You are resistant to electric shocks. (rElec)
You can survive without breathing.
You are immune to petrification.
You are immune to rotting.


Message History

The bullfrog zombie misses you.
You hit Snorg.
Snorg is severely wounded.
You hit the bullfrog zombie. Snorg barely misses you.
Snorg completely misses you. x2; The bullfrog zombie barely misses you.
Snorg bites you!
* * * LOW HITPOINT WARNING * * *
Snorg barely misses you. You block Snorg's attack.
You feel better. The bullfrog zombie barely misses you.
Snorg bites you but does no damage. Snorg claws you!
* * * LOW HITPOINT WARNING * * *
You block Snorg's attack.
The bullfrog zombie hits you but does no damage.
You hit Snorg.
Snorg is severely wounded.
You hit the bullfrog zombie. You block Snorg's attack.
Snorg closely misses you. Snorg claws you but does no damage.
The bullfrog zombie hits you but does no damage.
Snorg closely misses you. Snorg claws you.
You die...

.................
.########.......(.... .
#.#####.....
#.'...#....#
#.#...#....#
#.#...#....#
#####.#...#....#
###.....#...#.TZ.#
.........#...#.@..####
.........#####.........
.......................
.............#######...
.............# ..
.########....# . #....#
######


You could see Snorg (berserk) and a bullfrog zombie.

Vanquished Creatures
  2 two-headed ogres
  Erica (D:9)
  Maurice (D:8)
  The ghost of Borgoz the Twirler, a novice GrGl (D:6)
  Joseph (D:10)
  Prince Ribbit (D:6)
  Grinder (D:5)
  A meliai zombie (D:10)
  2 wyverns (D:10)
  Eustachio (D:5)
  A basilisk (D:8)
  5 yaks (D:8)
  Grum (D:9)
  A hungry ghost (D:10)
  Menkaure (D:7)
  Edmund (D:6)
  4 porcupines (D:8)
  2 orc warriors
  An eye of draining (D:9)
  2 ice beasts
  A sky beast (D:5)
  5 wolves
  10 ogres
  2 black bears
  5 centaurs
  2 crocodiles (D:8)
  A big kobold (D:8)
  4 gnoll sergeants
  A bullfrog (D:7)
  3 scorpions
  10 wights
  3 howler monkeys
  4 crimson imps
  2 centaur zombies
  A quasit (D:7)
  A jelly (D:8)
  A centaur skeleton (D:10)
  3 orc priests
  A bullfrog skeleton (D:4)
  5 hounds
  3 gnoll shamans (D:5)
  3 iguanas
  4 orc wizards
  10 worker ants
  A hound zombie (D:7)
  3 hound skeletons
  Robin (D:4)
  23 gnolls
  A howler monkey skeleton (D:5)
  10 adders
  An ooze (D:4)
  An adder zombie (D:8)
  2 worms
  2 dart slugs
  2 leopard geckos
  18 orcs
  4 giant cockroaches
  11 goblins
  11 hobgoblins
  10 jackals
  4 quokkas
  6 bats
  4 frilled lizards
  A jackal skeleton (D:4)
  11 kobolds
  5 rats
  A plant (D:8)
249 creatures vanquished.

Vanquished Creatures (others)
  A bush (D:8)
  4 fungi (D:8)
  10 plants (D:8)
15 creatures vanquished.

Grand Total: 264 creatures vanquished

Notes
Turn   | Place    | Note
-------+----------+-------------------------------------------
     0 | D:1      | Borgoz the Gargoyle Gladiator began the quest for the Orb.
     0 | D:1      | Reached XP level 1. HP: 12/12 MP: 1/1
   452 | D:1      | Reached XP level 2. HP: 18/18 MP: 2/2
   730 | D:1      | Reached skill level 1 in Armour
  1040 | D:1      | Reached XP level 3. HP: 22/22 MP: 3/3
  1392 | D:2      | Found Zin's Purification Station.
  1396 | D:2      | Found a glowing silver altar of Zin.
  1509 | D:2      | Found a sacrificial altar of Ru.
  1766 | D:3      | You fall into a shaft and drop 2 floors!
  1766 | D:5      | Entered Level 5 of the Dungeon
  1766 | D:5      | Noticed Eustachio
  1767 | D:5      | Noticed a sky beast
  1768 | D:5      | Found a burning altar of Makhleb.
  1770 | D:5      | Found an ancient bone altar of Kikubaaqudgha.
  1776 | D:5      | Reached XP level 4. HP: 23/28 MP: 4/4
  1884 | D:5      | Noticed an ice beast
  1885 | D:5      | Reached skill level 1 in Shields
  1910 | D:6      | Killed an ice beast
  1910 | D:6      | Reached XP level 5. HP: 24/32 MP: 5/5
  2035 | D:5      | Reached XP level 6. HP: 24/37 MP: 6/6
  2396 | D:5      | Killed a sky beast
  2414 | D:5      | Found a hazy altar of Hepliaklqana.
  2549 | D:4      | Reached XP level 7. HP: 13/43 MP: 7/7
  2553 | D:4      | Noticed Robin
  2564 | D:4      | Killed Robin
  3169 | D:3      | Learned a level 3 spell: Confuse
  3875 | D:4      | Reached XP level 8. HP: 11/48 MP: 8/8
  4457 | D:4      | Reached skill level 5 in Fighting
  4637 | D:4      | You fall into a shaft and drop 2 floors!
  4671 | D:6      | Noticed Edmund
  4687 | D:6      | Killed Edmund
  4697 | D:6      | Reached skill level 5 in Axes
  4982 | D:6      | Noticed Borgoz's ghost (novice GrGl)
  4983 | D:6      | Identified the +4 dire flail of Action {pain, rPois MP+9
                  | Int+2 SInv}
  4984 | D:6      | Found a transporter.
  5101 | D:5      | Reached skill level 5 in Armour
  5138 | D:5      | You fall into a shaft and drop 1 floor!
  5160 | D:6      | Found a transporter.
  5906 | D:5      | Reached XP level 9. HP: 55/55 MP: 9/9
  5930 | D:5      | Reached skill level 5 in Dodging
  6106 | D:5      | Found Iphiylip's Antique Armour Shop.
  6198 | D:5      | Killed Eustachio
  6528 | D:5      | Noticed Grinder
  6549 | D:5      | Killed Grinder
  7280 | D:6      | Noticed Prince Ribbit
  7314 | D:6      | Killed Prince Ribbit
  8027 | D:7      | Noticed Menkaure
  8034 | D:7      | Reached XP level 10. HP: 41/63 MP: 10/10
  8044 | D:7      | Killed Menkaure
  8322 | D:7      | Found a staircase to the Ecumenical Temple.
  8338 | Temple   | Entered the Ecumenical Temple
  8403 | Temple   | Became a worshipper of Warmaster Okawaru
  8891 | D:8      | Noticed a two-headed ogre
  8905 | D:8      | Killed a two-headed ogre
  8905 | D:8      | Reached * piety under Okawaru
  9215 | D:8      | Reached ** piety under Okawaru
  9262 | D:8      | Reached skill level 1 in Invocations
  9715 | D:8      | Found a staircase to the Lair.
  9875 | D:8      | Noticed Maurice
 10000 | D:8      | Found a runed translucent gate.
 10000 | D:8      | Found a runed translucent gate.
 10000 | D:8      | Found a runed translucent gate.
 10001 | D:8      | Identified the +2 whip "Halixkaq" {venom, rF- rN+ Dex+4}
 10003 | D:8      | Noticed Lanoc's ghost (novice CeCK)
 10310 | D:8      | Killed Maurice
 10310 | D:8      | Reached XP level 11. HP: 34/69 MP: 12/12
 10582 | D:8      | Found a bloodstained altar of Trog.
 10712 | D:6      | Killed Borgoz's ghost
 10712 | D:6      | Reached *** piety under Okawaru
 11149 | D:9      | Noticed Grum
 11175 | D:9      | Killed Grum
 11466 | D:9      | Found a staircase to the Orcish Mines.
 11490 | D:9      | Noticed Erica
 11531 | D:9      | Killed Erica
 12135 | D:10     | Entered Level 10 of the Dungeon
 12135 | D:10     | Noticed Snorg
 12155 | Orc:1    | Entered Level 1 of the Orcish Mines
 12448 | D:10     | Noticed Joseph
 12543 | D:10     | Killed Joseph
 12543 | D:10     | Reached **** piety under Okawaru
 12651 | D:10     | Noticed a two-headed ogre
 12677 | D:10     | Killed a two-headed ogre
 12806 | D:10     | HP: 2/72 [Snorg (17)]
 12807 | D:10     | Slain by Snorg

Levels and vault maps discovered:
D:1:      giann_wishing_wells, layout_loops_corners
D:2:      layout_rooms, overflow_temple_1_default, zin_purify
D:3:      layout_loops_corners
D:4:      layout_loops_cross, uniq_robin
D:5:      layout_cave_pools, bloody_makhleb, overflow_temple_1_default,
          old_standard_altar, serial_gnoll_camp, gnoll_camp_mini_hut,
          gnoll_camp_mini_house, gnoll_camp_mini_shop, gnoll_camp_huts_basic,
          gnoll_camp_mini_house, first_ration, uniq_grinder, uniq_eustachio
D:6:      layout_loops_ring, gammafunk_ghost_smash, uniq_prince_ribbit1,
          uniq_edmund
D:7:      layout_rooms, temple_statues, uniq_menkaure
D:8:      layout_basic, lemuel_coloured_pillars_altar, minmay_lair_entry_grove,
          gammafunk_ghost_nasty_kobolds, serial_curves, eino_curves_01,
          eino_curves_04, eino_curves_01, eino_curves_03, uniq_maurice
D:9:      layout_cave_pods, orc_0_dummy, uniq_grum, uniq_erica
D:10:     layout_irregular_city, uniq_snorg, uniq_joseph
Temple:   eino_temple_rhombus
Orc:1:    layout_caves

Skill      XL: |  1  2  3  4  5  6  7  8  9 10 11 |
---------------+----------------------------------+-----
Armour         | 1 2 3 4 5 7 8 9 |  9.5
Axes           | 3 4 5 6 7 8 |  8.4
Fighting       | 3 4 6 7 8 9 |  9.7
Dodging        | 3 4 6 7 |  7.7
Shields        | 1 2 3 4 |  4.0
Invocations    | 2 4 |  4.4
Throwing       | |  1.7

Action                   |  1- 3 |  4- 6 |  7- 9 | 10-12 || total
-------------------------+-------+-------+-------+-------++-------
Melee: War axe           |   107 |    83 |   440 |    57 ||   687
       Battleaxe         |       |       |    74 |       ||    74
       Hand axe          |       |       |       |   446 ||   446
Throw: Throwing net      |       |     1 |       |     3 ||     4
Invok: Heroism           |       |       |       |     3 ||     3
Evoke: Wand              |       |       |       |     6 ||     6
  Use: Scroll            |     2 |       |     1 |     3 ||     6
       Potion            |       |     3 |     5 |     4 ||    12
 Stab: Held in net/web   |       |       |       |     6 ||     6
  Eat: Chunk             |     3 |     1 |    20 |    17 ||    41
Armor: Leather armour    |    44 |       |       |       ||    44
       Ring mail         |    12 |    52 |   279 |   181 ||   524
       Skin              |       |       |       |     1 ||     1
Dodge: Dodged            |    94 |    71 |   462 |   267 ||   894
Block: Buckler           |     1 |    24 |   128 |    98 ||   251

Table legend:
 A = Non-vault XP
 B = Vault XP
 C = Vault XP percentage of total XP
 D = Non-vault monster count
 E = Vault monster count
 F = Vault count percentage of total count
                 A         B        C        D         E       F
            +---------+---------+-------+---------+---------+-------
      Total |    8594 |    7133 |  45.4 |     183 |      65 |  26.2
            +---------+---------+-------+---------+---------+-------
        D:1 |      38 |       0 |   0.0 |      23 |       0 |   0.0
        D:2 |      31 |       0 |   0.0 |      10 |       0 |   0.0
        D:3 |      73 |       0 |   0.0 |      11 |       0 |   0.0
        D:4 |     863 |     104 |  10.8 |      28 |      14 |  33.3
        D:5 |     730 |    1313 |  64.3 |      23 |      25 |  52.1
        D:6 |     712 |    1286 |  64.4 |      16 |       6 |  27.3
        D:7 |     872 |     172 |  16.5 |      21 |       1 |   4.5
        D:8 |    1670 |    2395 |  58.9 |      20 |      13 |  39.4
        D:9 |    1204 |    1408 |  53.9 |      22 |       5 |  18.5
       D:10 |    2401 |     455 |  15.9 |       9 |       1 |  10.0
            +---------+---------+-------+---------+---------+-------
